 Dungeon Crawl Stone Soup version 0.29.1-2-gbd0b4ee654 (webtiles) character file.

Game seed: 6039242310924203919

12917 cdecastro the Grappler (level 11, 0/117 HPs)
             Began as a Troll Monk on Nov 7, 2022.
             Was a Plaything of Xom.
             Slain by an orc warrior
             ... wielding a +0 trident
              (4 damage)
             ... on level 10 of the Dungeon.
             The game lasted 00:23:11 (9210 turns).

cdecastro the Grappler (Troll Monk)                 Turns: 9210, Time: 00:23:12

Health: 0/117      AC:  9    Str: 25    XL:     11   Next: 68%
Magic:  10/10      EV: 10    Int:  6    God:    Xom [..*...]
Gold:   283        SH:  0    Dex: 12    Spells: 10/10 levels left

rFire   . . .      SeeInvis .     - Unarmed
rCold   . . .      Faith    +   y - orb {light}
rNeg    . . .      Spirit   .   W - +1 steam dragon scales
rPois   .          Reflect  .   (helmet restricted)
rElec   .          Harm     .   l - +0 cloak
rCorr   .          Rampage  .   (gloves unavailable)
Will    ++...      Rage     3%  (boots unavailable)
Stlth   +.........              K - amulet of faith
HPRegen 1.09/turn               p - +4 ring of slaying
MPRegen 0.12/turn               z - ring of willpower

@: brilliant, on berserk cooldown, glowing, studying Staves, unable to read
A: large, unfitting armour, claws 3, regeneration 1, shaggy fur 1, tough skin 1,
berserk 1, strong-willed 1, inability to read after injury 1
a: Renounce Religion


You were on level 10 of the Dungeon.
You worshipped Xom.
You were a toy of Xom.
You visited 2 branches of the dungeon, and saw 11 of its levels.
You also visited: Bailey.

You collected 553 gold pieces.
You spent 270 gold pieces at shops.

Inventory:

Hand Weapons
 C - a +2 demon blade of electrocution
 Q - the +8 trident of the Octopus King {venom, rElec rPois}
   (You found it on level 8 of the Dungeon)

   It poisons the flesh of those it strikes.
   rElec:     It insulates you from electricity.
   rPois:     It protects you from poison.
Missiles
 f - 5 throwing nets
 o - 2 boomerangs
 q - 53 poisoned darts (quivered)
 B - 2 datura-tipped darts
 N - 2 curare-tipped darts
Armour
 l - a +0 cloak (worn)
 y - an orb of light (worn)
 V - +0 acid dragon scales
 W - +1 steam dragon scales (worn)
 X - an orb of energy
 Z - a +2 robe of the Archmagi
Jewellery
 a - a ring of see invisible
 p - a +4 ring of slaying (left claw)
 t - a +4 ring of protection
 u - an amulet of regeneration
 z - a ring of willpower (right claw)
 G - a ring of willpower
 K - an amulet of faith (around neck)
 L - a ring of fire
Wands
 g - a wand of charming (6)
 A - a wand of digging (3)
 D - a wand of iceblast (12)
 E - a wand of flame (14)
 F - a wand of acid (9)
Scrolls
 c - 2 scrolls of torment
 d - 2 scrolls of enchant armour {unknown}
 h - 2 scrolls of magic mapping {unknown}
 i - 2 scrolls of teleportation {unknown}
 j - 2 scrolls of butterflies {unknown}
 m - 2 scrolls of amnesia {unknown}
 n - 3 scrolls of immolation {unknown}
 v - 2 scrolls of identify
 w - 3 scrolls of poison {unknown}
 P - 3 scrolls of enchant weapon {unknown}
 S - 2 scrolls of blinking {unknown}
Potions
 b - 2 potions of ambrosia
 e - 4 potions of attraction
 k - 7 potions of heal wounds
 r - 6 potions of haste {unknown}
 s - 2 potions of brilliance {unknown}
 x - a potion of resistance
 I - a potion of lignification
 J - 3 potions of mutation
 M - 2 potions of curing
 T - a potion of magic
 U - 2 potions of might
 Y - a potion of invisibility
Miscellaneous
 O - a phial of floods (inert)


   Skills:
 - Level 10.0 Fighting
 - Level 5.0 Throwing
 - Level 2.4 Dodging
 - Level 1.0 Stealth
 + Level 14.3 Unarmed Combat


You had 10 spell levels left.
You didn't know any spells.
Your spell library contained the following spells:

 Spells                   Type           Power      Damage    Failure   Level
 Apportation              Tloc           0%         N/A       45%         1
 Magic Dart               Conj           0%         1d3       45%         1
 Shock                    Conj/Air       0%         1d3       45%         1
 Slow                     Hex            0%         N/A       45%         1
 Searing Ray              Conj           0%         2d4       58%         2
 Sublimation of Blood     Necr           0%         N/A       58%         2
 Wereblood                Tmut           0%         N/A       58%         2
 Confusing Touch          Hex            0%         N/A       83%         3
 Summon Guardian Golem    Hex/Summ       0%         N/A       83%         3
 Swiftness                Air            0%         N/A       83%         3
 Vampiric Draining        Necr           0%         2d6       83%         3
 Airstrike                Air            0%         2d(0-16)  99%         4
 Fulminant Prism          Conj/Hex       0%         3d6       99%         4
 Olgreb's Toxic Radiance  Pois           0%         N/A       99%         4
 Alistair's Intoxication  Tmut/Pois      0%         N/A       100%        5
 Orb of Destruction       Conj           0%         9d5       100%        7
 Ozocubu's Refrigeration  Ice            0%         4d7       100%        7
 Spellforged Servitor     Conj/Summ      0%         N/A       100%        7
 Summon Hydra             Summ           0%         N/A       100%        7
 Ignition                 Fire           0%         3d3       100%        8


Dungeon Overview and Level Annotations

Branches:
Dungeon (10/15)            Temple (1/1) D:7            Lair (0/5) D:10
 Bailey (visited)
    Orc: D:9-12

Altars:
Ashenzari
Cheibriados
Dithmenos
Elyvilon
Fedhas
Gozag
Hepliaklqana
Kikubaaqudgha
Makhleb
Nemelex Xobeh
Okawaru
Qazlal
Ru
Sif Muna
Trog
Uskayaw
Vehumet
Wu Jian
Xom
Yredelemnul
Zin
The Shining One

Shops:
D:8 (   D:9 *   D:10 (

Annotations:
D:4 potions need fly


Innate Abilities, Weirdness & Mutations

You are too large for most types of armour.
You have claws for hands.
Your natural rate of healing is unusually fast.
You are covered in fur. (AC +1)
You have tough skin. (AC +1)
You sometimes lose your temper in combat.
You are strong-willed. (Will+)
You occasionally lose the ability to read scrolls when taking damage.


Message History

You mangle the vampire!!
The vampire is almost destroyed.
The orc warrior barely misses you. The vampire closely misses you.
The vampire bites you but does no damage.
The two-headed ogre closely misses you.
The two-headed ogre hits you with a +0 giant spiked club!
Unknown command.
Okay, then.
You barely miss the vampire.
The vampire is almost destroyed.
The orc warrior hits you from afar with a +0 trident!
* * * LOW HITPOINT WARNING * * *
Unknown command.
Unknown command.
You claw the vampire!
You destroy the vampire!
Unknown command.
The two-headed ogre attacks as you move away!
The two-headed ogre hits you with a +0 giant club!!
You feel threatened and lose the ability to read scrolls!
* * * LOW HITPOINT WARNING * * *
The two-headed ogre barely misses you.
The two-headed ogre attacks as you move away!
The two-headed ogre hits you with a +0 giant club!!
* * * LOW HITPOINT WARNING * * *
The two-headed ogre hits you with a +0 giant spiked club.
* * * LOW HITPOINT WARNING * * *
A killer bee comes into view.
The killer bee buzzes angrily.
You enter the shallow water.
Moving in this stuff is going to be slow.
Things that are here:
a howler monkey corpse; a yak corpse Unknown command.
The orc warrior hits you from afar with a +0 trident!
* * * LOW HITPOINT WARNING * * *
Xom is highly amused!
The orc warrior hits you from afar with a +0 trident.
You die...
Xom thinks this is hilarious!

.......##..###...)....# #...#...
......................####...#...
#####...................∩....#...
# #.....~.~.~~..~..........#... #
#....~~.~.~~~~...........#... #
#..~.~~.~.~≈~≈~..........#... #
#...~~≈~~.~≈≈≈............... ###
#...~~≈≈≈.≈†~................ ≈≈#
#....≈≈~~.~≈@~≈...<..........
##≈# ....~~~..o≈O≈~..............
# ...~~~..[~.≈y≈≈.............
...≈~~.~..~≈≈≈~~............
.~~.≈~....~≈≈≈≈≈............ z
...≈~.~.>.~≈≈≈≈≈..........).
..)~≈≈.$..~~÷≈≈≈.........†..
..~≈~~.~.~.≈≈≈≈≈............ h
....~≈~≈≈~≈~≈~≈~............


You could see a two-headed ogre, an orc warrior and a killer bee.

Vanquished Creatures
  Harold (D:9)
  A two-headed ogre (D:10)
  An ugly thing (D:10)
  2 trolls (D:10)
  A hornet (D:5)
  6 spriggans (Bailey)
  A vampire (D:10)
  A wyvern (D:8)
  14 yaks
  A wraith (D:10)
  3 steam dragons
  Menkaure (D:4)
  Edmund (D:4)
  2 acid dragons (D:10)
  2 water moccasins
  7 orc warriors
  A sky beast (D:6)
  Duvessa (D:4)
  A black bear (D:6)
  6 ogres
  2 wolves (D:10)
  5 centaurs
  3 kobold brigands
  A bullfrog (D:9)
  3 necrophages
  2 wyvern zombies (D:7)
  5 scorpions
  9 wights
  Dowan (D:4)
  16 killer bees
  2 howler monkeys
  2 electric eels (D:10)
  8 hounds
  2 jellies
  10 orc priests
  2 gnoll boudas
  Crazy Yiuf (D:7)
  Natasha (thrice) (D:2)
  3 iguanas
  8 orc wizards
  11 gnolls
  7 adders
  4 shadow imps
  2 ufetubi
  4 worms
  A dart slug (D:4)
  46 orcs
  8 bats
  9 endoplasms
  4 giant cockroaches
  6 goblins
  8 hobgoblins
  13 kobolds
  4 quokkas
  10 ball pythons
  5 frilled lizards
  2 goblin zombies (D:8)
  2 hobgoblin zombies (D:8)
  2 kobold skeletons (D:8)
  A kobold zombie (D:8)
  2 orc skeletons (D:8)
  3 rats
296 creatures vanquished.

Vanquished Creatures (collateral kills)
  A two-headed ogre (Bailey)
  A spriggan (Bailey)
  A steam dragon (Bailey)
  A wight (D:7)
  A kobold (D:7)
5 creatures vanquished.

Vanquished Creatures (others)
  Sigmund (D:4)
  A necrophage (D:4)
  An adder (D:4)
  A kobold (D:4)
  A ball python (D:4)
5 creatures vanquished.

Grand Total: 306 creatures vanquished

Notes
Turn   | Place    | Note
-------+----------+-------------------------------------------
     0 | D:1      | cdecastro the Troll Monk began the quest for the Orb.
     0 | D:1      | Reached XP level 1. HP: 22/22 MP: 0/0
   112 | D:1      | Reached XP level 2. HP: 29/29 MP: 1/1
   229 | D:1      | Found a faded altar of an unknown god.
   234 | D:1      | Reached skill level 4 in Unarmed Combat
   333 | D:1      | Reached XP level 3. HP: 36/36 MP: 2/2
   589 | D:2      | Noticed Natasha
   598 | D:2      | Killed Natasha
   606 | D:2      | Reached skill level 5 in Unarmed Combat
   606 | D:2      | Reached XP level 4. HP: 24/44 MP: 3/3
   777 | D:2      | Noticed Natasha
   782 | D:2      | Killed Natasha
   783 | D:2      | Reached XP level 5. HP: 43/50 MP: 4/4
  1185 | D:2      | Found a shimmering altar of Xom.
  1567 | D:2      | Noticed Natasha
  1576 | D:2      | Killed Natasha
  1577 | D:2      | Reached skill level 6 in Unarmed Combat
  1595 | D:2      | Became a worshipper of Xom the Random
  1722 | D:3      | Reached XP level 6. HP: 52/59 MP: 5/5
  1960 | D:3      | Reached skill level 7 in Unarmed Combat
  1962 | D:3      | XOM: potion effect (brilliance)
  2205 | D:4      | Found a transporter.
  2280 | D:4      | Noticed Duvessa
  2280 | D:4      | Noticed Dowan
  2283 | D:4      | XOM: potion effect (might)
  2297 | D:4      | Killed Duvessa
  2298 | D:4      | Reached skill level 8 in Unarmed Combat
  2298 | D:4      | Reached XP level 7. HP: 63/66 MP: 6/6
  2299 | D:4      | Killed Dowan
  2324 | D:4      | Noticed Menkaure
  2329 | D:4      | Killed Menkaure
  2330 | D:4      | Reached skill level 9 in Unarmed Combat
  2385 | D:4      | XOM: 1-stop teleportation journey
  2421 | D:4      | Noticed Edmund
  2428 | D:4      | Killed Edmund
  2433 | D:4      | XOM: scenery: 1 doors open
  2439 | D:4      | XOM: summons friendly crimson imp
  2447 | D:4      | Reached XP level 8. HP: 72/74 MP: 7/7
  2636 | D:4      | Noticed Sigmund
  2643 | D:4      | Killed Sigmund
  2643 | D:4      | XOM: destruction
  2644 | D:4      | Reached skill level 10 in Unarmed Combat
  2674 | D:4      | Found a shimmering blue altar of Sif Muna.
  2693 | D:4      | Found a transporter.
  2945 | D:5      | Entered Level 5 of the Dungeon
  2994 | D:5      | Noticed a hornet
  2994 | D:5      | an ogre changed into a hornet
  2994 | D:5      | XOM: polymorph ogre -> hornet
  2999 | D:5      | Killed a hornet
  3053 | D:5      | You fall into a shaft and drop 2 floors!
  3058 | D:7      | Found a staircase to the Ecumenical Temple.
  3070 | Temple   | Entered the Ecumenical Temple
  3247 | Temple   | XOM: 5-stop teleportation journey
  3292 | Temple   | XOM: silly message
  3495 | D:7      | Found a sparkling altar of Nemelex Xobeh.
  3602 | D:7      | Found a runed translucent door.
  3603 | D:7      | Noticed Crazy Yiuf
  3632 | D:7      | XOM: god gift: helmet {god gift}
  3744 | D:7      | XOM: fog
  3912 | D:5      | XOM: confuse monster(s)
  3917 | D:5      | XOM: enchant monster (good)
  3924 | D:5      | Reached skill level 5 in Fighting
  4051 | D:5      | XOM: 1-stop teleportation journey
  4056 | D:5      | XOM: swap monsters
  4158 | D:5      | XOM: scenery: 1 doors close
  4278 | D:6      | Reached XP level 9. HP: 91/91 MP: 8/8
  4300 | D:6      | XOM: cast spell 'Metabolic Englaciation'
  4418 | D:6      | XOM: scenery: 1 doors open, 1 doors close
  4671 | D:6      | XOM: polymorph orc priest -> worm
  4694 | D:6      | XOM: enchant monster (good)
  5094 | D:7      | XOM: confuse monster(s)
  5110 | D:7      | XOM: summons 7 friendly demons
  5262 | D:7      | XOM: god gift: scroll labelled WUROMIQ UPTE {god gift}
  5371 | D:7      | XOM: stat loss: -1 Int (5/6)
  5419 | D:7      | XOM: give mutation
  5419 | D:7      | Gained mutation: You are dopey. (Int -2) [Xom's mischief]
  5425 | D:7      | XOM: god gift: phial of floods
  5631 | D:7      | XOM: scenery: 1 doors open, 4 doors close
  5651 | D:7      | Found a basalt altar of Yredelemnul.
  5692 | D:7      | XOM: divination: detect creatures
  5761 | D:7      | Killed Crazy Yiuf
  5872 | D:8      | XOM: enchant monster (good)
  5900 | D:8      | Found a glowing golden altar of the Shining One.
  6055 | D:8      | Found Ywudima's Weapon Shop.
  6062 | D:8      | XOM: cleaving
  6082 | D:8      | Found the +8 trident of the Octopus King {venom, rElec
                  | rPois}
  6110 | D:8      | Found a flagged portal.
  6131 | Bailey   | Entered a bailey
  6148 | Bailey   | XOM: fog
  6174 | Bailey   | XOM: confuse monster(s)
  6191 | Bailey   | XOM: summons friendly iron imp
  6197 | Bailey   | XOM: summons friendly iron imp
  6199 | Bailey   | Reached XP level 10. HP: 87/107 MP: 9/9
  6267 | Bailey   | XOM: destruction
  6274 | Bailey   | Reached skill level 10 in Fighting
  6274 | Bailey   | Reached skill level 1 in Throwing
  6366 | Bailey   | Noticed a two-headed ogre
  6366 | Bailey   | XOM: summons 10 friendly demons
  6384 | Bailey   | Killed a two-headed ogre
  6401 | Bailey   | XOM: 9-stop teleportation journey
  6570 | D:8      | XOM: summons 3 friendly demons
  6602 | D:8      | Reached skill level 5 in Throwing
  6605 | D:8      | XOM: silly message
  6788 | D:8      | XOM: polymorph orc -> frilled lizard
  6950 | D:8      | XOM: summons 6 hostile demons
  6951 | D:8      | Noticed a smoke demon
  6968 | D:8      | XOM: smoke on damage
  7101 | D:8      | Reached skill level 11 in Unarmed Combat
  7352 | D:9      | XOM: summons 2 hostile demons
  7353 | D:9      | Gained mutation: You sometimes lose your temper in combat.
                  | [a neqoxec]
  7473 | D:9      | XOM: chaos cloud
  7474 | D:9      | Paralysed by you for 5 turns
  7478 | D:9      | XOM: scenery: 1 doors open, 2 doors close
  7604 | D:9      | XOM: cleaving
  7717 | D:9      | Reached XP level 11. HP: 107/115 MP: 10/10
  7815 | D:9      | Found Siaraehedd's Assorted Antiques.
  7818 | D:9      | Bought a scroll labelled ETOCEU FEFOLA for 30 gold pieces
  7818 | D:9      | Bought a scroll labelled VOBLEQ WIWENN for 30 gold pieces
  7818 | D:9      | Bought a scroll labelled BOAFROFIHO for 30 gold pieces
  7818 | D:9      | Bought a scroll labelled COHULA IKENIUMEAR for 30 gold
                  | pieces
  7818 | D:9      | Bought a notched marble ring for 150 gold pieces
  7852 | D:9      | Found an iron altar of Okawaru.
  7905 | D:9      | Found a snail-covered altar of Cheibriados.
  7969 | D:9      | XOM: draining
  8149 | D:9      | Noticed Harold
  8159 | D:9      | Killed Harold
  8160 | D:9      | Reached skill level 12 in Unarmed Combat
  8173 | D:8      | XOM: cloud trail
  8215 | D:8      | XOM: noise
  8382 | D:10     | Entered Level 10 of the Dungeon
  8382 | D:10     | Found Cusok's Weapon Shop.
  8384 | D:9      | XOM: scenery: create altars
  8494 | D:10     | Found a white marble altar of Elyvilon.
  8532 | D:10     | Noticed a green ugly thing
  8532 | D:10     | XOM: summons 5 friendly demons
  8542 | D:10     | XOM: 2-stop teleportation journey
  8550 | D:10     | XOM: god gift: runed plate armour {god gift}
  8583 | D:10     | Noticed a two-headed ogre
  8595 | D:10     | XOM: potion effect (might)
  8612 | D:10     | XOM: confuse monster(s)
  8613 | D:10     | XOM: divination: detect creatures
  8636 | D:10     | Killed a two-headed ogre
  8637 | D:10     | Reached skill level 13 in Unarmed Combat
  8698 | D:10     | XOM: 1-stop teleportation journey
  8788 | D:10     | Killed a green ugly thing
  8802 | D:10     | Found a broken altar of Ashenzari.
  8842 | D:10     | XOM: give mutations
  8842 | D:10     | Lost mutation: You are dopey. (Int -2) [Xom's mischief]
  8842 | D:10     | Gained mutation: You are strong-willed. (Will+) [Xom's
                  | mischief]
  8842 | D:10     | Gained mutation: You occasionally lose the ability to read
                  | scrolls when taking damage. [Xom's mischief]
  8918 | D:10     | Noticed a two-headed ogre
  8973 | D:10     | Identified the +7 ring mail of Koymog {Harm}
  9092 | D:10     | Reached skill level 14 in Unarmed Combat
  9148 | D:10     | Found a staircase to the Lair.
  9198 | D:10     | Identified the ring of Nuqicir {Fly rPois}
  9201 | D:10     | XOM: potion effect (brilliance)
  9210 | D:10     | HP: 4/117 [orc warrior/+0 trident (9)]
  9210 | D:10     | Slain by an orc warrior

Illustrated notes

Levels and vault maps discovered:
D:1:      minmay_arrival_cross, layout_rooms, shapermc_ecumenical_altar_pompeii
D:2:      layout_basic, basic_altar, roderic_lattice_a, uniq_natasha
D:3:      layout_rooms, glass_columns_a, minmay_misc_feat_ornament
D:4:      gammafunk_wand_slinger, layout_gridville,
          mainiacjoe_overflow_tiny_flanked, minmay_cupped, uniq_duvessa,
          uniq_menkaure, uniq_sigmund, uniq_edmund
D:5:      layout_basic, minmay_misc_feat_chi
D:6:      layout_basic
D:7:      layout_basic, lemuel_zombie_altar_yredelemnul,
          mainiacjoe_overflow_24_doors, minmay_temple_entry_ruins,
          lightli_orcish_oven, uniq_crazy_yiuf_cottage
D:8:      layout_loops_cross, nicolae_tso_besieged_by_evil, serial_shops,
          nicolae_stop_n_shop_1, enter_bailey_6, minmay_manual_mess
D:9:      layout_roguey, okawaru_metal_pillars_1_2, cheibrodos_worm_habitat,
          serial_shops, nicolae_shop_behind_doors, uniq_harold
D:10:     cheibrodos_ideogram_h, layout_long_grid, lemuel_doored_altar,
          overflow_temple_1_default, erik_lair_island, serial_shops, shop
Temple:   minmay_temple_curvy_branch

Skill      XL: |  1  2  3  4  5  6  7  8  9 10 11 |
---------------+----------------------------------+-----
Unarmed Combat | 4 5 6 8 9 10 11 14 | 14.3
Fighting       | 6 9 10 | 10.0
Throwing       | 5 |  5.0
Dodging        | |  2.4
Stealth        | |  1.0

Action                   |  1- 3 |  4- 6 |  7- 9 | 10-12 || total
-------------------------+-------+-------+-------+-------++-------
Melee: Unarmed           |    85 |   106 |   209 |   261 ||   661
       Punch             |       |     2 |       |       ||     2
Evoke: Wand              |       |       |     3 |     3 ||     6
       Phial of floods   |       |       |       |     1 ||     1
  Use: Scroll            |       |       |       |    13 ||    13
 Stab: Sleeping          |     2 |     2 |       |       ||     4
       Distracted        |     1 |       |       |     1 ||     2
       Confused          |       |       |     2 |       ||     2
       Petrified         |       |       |     3 |       ||     3
       Petrifying        |       |       |     1 |       ||     1
Armor: Robe              |    32 |    24 |    50 |       ||   106
       Steam dragon scal |       |       |       |   101 ||   101
Dodge: Dodged            |    59 |    47 |   102 |   138 ||   346
